Map: Dusk Towers

Players

LilDicky

  • Race: Terran Terran
  • League: Diamond

rebo - Winner!

  • Race: Zerg Zerg
  • League: Platinum

VOD

http://www.twitch.tv/tumescentpie

Description

Time

  • Played on: Jan. 2, 2016, 12:22 p.m.
  • Length: 14:50
Show
View Real Time Build Order
Export as new Build Order

LilDicky Terran 

Build Orders: MMM Bio 

Get SALT Encoding   

  12  0:01  SCV  
  13  0:13  SCV  
  14  0:18  Supply Depot  
  14  0:25  SCV  
  15  0:33  Refinery  
  15  0:39  SCV  
  16  0:45  Barracks  
  16  0:51  SCV  
  17  1:06  SCV  
  18  1:19  SCV  
  19  1:31  Orbital Command  
  20  1:36  Reaper  
  20  1:45  Command Center  
  20  1:59  Supply Depot  
  20  2:00  SCV  
  21  2:13  SCV  
  21  2:15  Barracks Tech Lab  
  22  2:25  SCV  
  22  2:28  Barracks  
  23  2:33  Barracks  
  23  2:37  SCV  
  23  2:38  Stimpack  
  24  2:49  SCV  
  24  2:50  Marine  
  25  3:00  Barracks  
  25  3:01  SCV, Barracks  
  27  3:05  Orbital Command  
  26  3:08  Marine  
  27  3:16  SCV  
  27  3:19  Refinery  
  29  3:27  Barracks Reactor  
  29  3:28  SCV  
  29  3:29  Barracks Tech Lab  
  29  3:30  Marine  
  30  3:35  SCV  
  30  3:40  SCV  
  32  3:47  Marine  
  34  3:50  Combat Shields  
  34  3:51  Marine  
  34  3:52  Marine  
  34  3:54  SCV  
  36  3:58  SCV, Barracks  
  36  4:00  Barracks  
  36  4:01  Marine  
  38  4:06  SCV, Supply Depot  
  38  4:07  Marine  
  38  4:08  Barracks Reactor  
  40  4:10  Barracks Reactor  
  40  4:12  Marine  
  41  4:20  Marine x2  
  41  4:21  SCV  
  41  4:22  SCV  
  45  4:24  Supply Depot, Marine  
  46  4:31  Supply Depot  
  46  4:33  SCV  
  46  4:34  Marine  
  49  4:42  Marine  
  49  4:43  Marine  
  52  4:46  Supply Depot, Marauder  
  52  4:47  Barracks Reactor x2  
  52  4:48  Marine  
  52  4:52  Marine  
  53  4:59  Marine x3  
  57  5:00  Marine  
  57  5:03  Supply Depot  
  58  5:07  Marauder  
  58  5:09  Marauder  
  58  5:10  Supply Depot  
  62  5:17  Marine x2  
  62  5:20  Marine  
  62  5:21  Marine  
  65  5:22  Marine x2  
  65  5:23  SCV  
  69  5:34  Factory, Marauder  
  69  5:35  Marauder  
  73  5:36  Marine  
  74  5:43  Supply Depot  
  74  5:45  Marine  
  74  5:46  Marine  
  74  5:47  Marine  
  77  5:56  Marauder  
  79  5:58  Marine x2  
  79  5:59  Marine, Marauder  
  79  6:00  Marine  
  79  6:03  SCV  
  86  6:06  Supply Depot  
  86  6:08  Supply Depot  
  86  6:09  Marine x2  
  88  6:13  Marine x2  
  88  6:17  Marauder  
  88  6:18  Marine x2  
  72  6:41  Marine x4  
  72  6:42  Marauder x2  
  71  6:48  Marine x2  
  71  6:50  Marine x2  
  71  6:52  Factory Reactor  
  67  6:54  Marine x2  
  67  6:55  Starport  
  67  6:59  Marine x4  
  71  7:06  Marine x2  
  73  7:22  Command Center  
  73  7:24  Marine x3  
  73  7:25  Marauder x2  
  73  7:27  Engineering Bay  
  80  7:32  Supply Depot  
  80  7:37  Marine x3  
  80  7:41  Marine x2  
  85  7:46  Medivac  
  85  7:47  Marauder x2  
  91  8:05  Marine x5  
  72  8:06  Marine  
  72  8:08  Marine x4  
  72  8:09  Marauder  
  72  8:10  Marine  
  70  8:14  Medivac  
  70  8:17  SCV  
  73  8:23  Marine x2  
  73  8:25  Refinery  
  75  8:29  SCV, Factory Reactor  
  75  8:30  SCV  
  77  8:36  Marine x2  
  79  8:48  Marine  
  79  8:49  Marauder x2, Marine x2  
  79  8:50  Marine  
  79  8:52  Marine  
  88  9:11  Marauder  
  88  9:12  Marine  
  88  9:13  Marine x2  
  88  9:14  Marauder  
  75  9:17  Marine x2  
  75  9:20  Marine x2  
  68  9:30  Marine x3  
  68  9:31  Marine  
  69  9:32  Marauder  
  69  9:34  Orbital Command  
  69  9:35  Marauder  
  69  9:36  SCV x2  
  69  9:37  Marine x2  
  78  9:45  Marine x2  
  80  9:46  Widow Mine x2  
  80  9:48  Medivac  
  80  9:51  SCV  
  87  9:53  Marauder  
  87  9:58  Marine x2  
  87  9:59  Marauder  
  92  10:00  Medivac  
  92  10:03  SCV x2  
  96  10:07  Marine  
  96  10:12  SCV  
  96  10:13  Marine x2  
  100  10:15  SCV, Marauder  
  100  10:16  SCV, Marine  
  100  10:17  Marine x2  
  107  10:31  Marine x2  
  107  10:32  Marauder  
  107  10:34  Marine x2  
  113  10:36  Marauder  
  113  10:37  Marine x2  
  104  10:48  Marine x2  
  106  10:53  Marauder  
  103  10:58  Marauder  
  102  11:09  Marine x2  
  102  11:15  Marauder  
  97  11:19  Marauder  
  97  11:22  Marine x8  
  107  11:27  Marine x2  
  96  11:36  Marauder  
  96  11:39  Marine  
  96  11:40  Marauder, Marine x7  
  96  11:44  Marine x2  
  101  11:47  Barracks  
  101  11:48  Barracks  
  101  11:52  Command Center  
  100  11:57  Marine  
  100  11:58  Marauder  
  90  12:10  Marine x4  
  90  12:11  Marine x2  
  90  12:12  Marauder  
  98  12:19  Marauder  
  100  12:31  Marine x2  
  100  12:32  Medivac x2  
  100  12:33  Marauder  
  100  12:34  Marine x2  
  110  12:38  Terran Infantry Weapons Level 1  
  110  12:40  Armory, Marauder  
  110  12:42  Engineering Bay  
  107  12:47  Marine x2  
  107  12:48  Marine  
  107  12:49  Marine x3  
  113  12:52  Marine  
  113  12:53  Supply Depot  
  113  12:54  Marauder  
  113  12:57  Marine x2  
  118  13:02  Medivac x2, Marauder  
  124  13:11  Marine x2  
  124  13:12  Marine x6  
  132  13:16  Marauder  
  132  13:18  Marine  
  132  13:19  Marine x2  
  137  13:23  Marauder  
  139  13:32  Medivac  
  141  13:37  Marauder  
  124  13:44  Marauder  
  124  13:47  Marine x2  
  121  13:48  Marine x2  
  119  13:59  Marauder  
  108  14:04  Marine  
  108  14:05  Marine x9  
  108  14:06  Marine x2, Marauder  
  101  14:20  Marauder  
  101  14:22  Marine  
  101  14:23  Marine x3  
  107  14:27  Marauder  
  109  14:45  Missile Turret  
  105  14:46  Missile Turret  
  105  14:49  Missile Turret  
Show
View Real Time Build Order
Export as new Build Order

rebo Zerg - Winner!

Build Orders: Hatch First, Lurkers 

Get SALT Encoding   

  12  0:01  Drone  
  13  0:12  Overlord  
  13  0:17  Drone  
  14  0:30  Drone x2  
  14  0:34  Drone  
  17  0:53  Hatchery  
  17  0:55  Drone  
  17  0:59  Drone  
  17  1:02  Extractor  
  17  1:07  Drone  
  18  1:18  Spawning Pool  
  18  1:22  Drone  
  18  1:28  Drone  
  19  1:38  Overlord  
  19  2:06  Queen  
  19  2:07  Metabolic Boost, Queen  
  23  2:12  Zergling x6  
  26  2:16  Drone  
  26  2:20  Drone  
  28  2:26  Drone x2  
  30  2:34  Overlord  
  30  2:59  Queen  
  32  3:07  Drone x3  
  32  3:08  Drone  
  32  3:10  Hatchery, Drone  
  36  3:18  Drone x2  
  38  3:27  Overlord, Drone  
  38  3:28  Drone x2  
  41  3:34  Extractor  
  41  3:40  Roach Warren  
  39  3:47  Lair  
  39  3:48  Drone x3  
  42  4:01  Drone x7  
  49  4:09  Extractor  
  48  4:11  Extractor  
  47  4:17  Baneling Nest  
  47  4:18  Drone x2  
  47  4:19  Overlord  
  48  4:31  Spore Crawler  
  48  4:38  Queen  
  49  4:39  Drone x7  
  49  4:44  Roach x2  
  60  4:46  Roach  
  62  4:55  Burrow  
  62  5:04  Drone x2  
  62  5:05  Glial Reconstitution  
  64  5:11  Zergling x4  
  64  5:13  Overlord x2  
  66  5:26  Zergling x2  
  65  5:28  Overlord  
  64  5:39  Overlord  
  64  5:49  Zergling x16  
  76  5:50  Zergling x8  
  76  5:51  Ravager  
  76  5:52  Ravager x2  
  76  5:53  Baneling x4  
  76  5:54  Zergling x2  
  76  5:55  Zergling x4  
  82  6:00  Spine Crawler  
  82  6:02  Spine Crawler  
  80  6:04  Evolution Chamber  
  80  6:06  Zergling x2  
  80  6:07  Zergling x14  
  87  6:16  Centrifical Hooks  
  79  6:36  Zergling x16  
  79  6:37  Zergling x4  
  77  6:57  Roach x6  
  77  6:59  Overlord  
  77  7:00  Overlord  
  88  7:04  Nydus Network  
  87  7:22  Hydralisk Den  
  87  7:25  Baneling x9  
  87  7:26  Baneling x3  
  86  7:32  Drone x8  
  86  7:33  Drone x3  
  97  7:45  Infestation Pit  
  95  7:57  Roach  
  95  7:58  Roach x4  
  95  8:11  Zergling x20  
  103  8:14  Baneling x3  
  103  8:15  Baneling  
  103  8:25  Baneling x3  
  103  8:26  Overlord, Baneling x2  
  103  8:51  Baneling x2  
  103  8:57  Zergling x2  
  103  8:58  Zergling x14  
  111  9:07  Zergling x10  
  95  9:29  Overlord x2  
  97  9:33  Hive  
  97  9:34  Queen  
  97  9:41  Baneling x12  
  97  9:43  Hydralisk x2, Roach x5  
  97  9:44  Hydralisk  
  113  9:45  Lurker Den  
  113  9:48  Zerg Missile Weapons Level 1  
  113  9:52  Evolution Chamber  
  112  9:53  Hatchery  
  109  10:25  Extractor  
  109  10:26  Extractor  
  109  10:27  Baneling x5  
  107  10:29  Zergling x4  
  107  10:30  Zergling x14  
  114  10:48  Baneling  
  114  10:49  Baneling x4  
  101  11:06  Zergling x16  
  101  11:07  Zergling x12  
  112  11:19  Drone x3  
  112  11:20  Drone x2  
  111  11:35  Hatchery, Hydralisk  
  111  11:36  Hydralisk x3  
  117  11:57  Spire  
  117  11:58  Hatchery  
  112  12:05  Overlord x2  
  112  12:07  Lurker x2  
  114  12:08  Lurker  
  114  12:09  Lurker  
  117  12:36  Hatchery  
  116  12:41  Zergling x4  
  116  12:42  Zergling x14  
  125  12:49  Pneumatized Carapace  
  125  12:51  Overseer  
  125  12:53  Drone  
  125  12:55  Zerg Ground Armor Level 1  
  126  13:02  Adrenal Glands  
  126  13:06  Overlord  
  126  13:07  Overlord  
  126  13:22  Zergling x8  
  126  13:23  Zergling x16  
  134  13:46  Hydralisk  
  134  13:47  Hydralisk x5  
  128  14:13  Mutalisk x11  
  150  14:18  Overlord x2  
Tags
 
Add a new tag
Caveats
  • Supply blocks, unpowered buildings, or Contaminate may cause inaccurate times.
  • Supply counts are checked every 10 seconds.